 Dungeon Sprint DCSS version 0.19.0-22-gd96e5fe (webtiles) character file.

51 equalderp2856 the Scratcher (level 3, -7/18 HPs)
             Began as a Felid Fighter on Nov 18, 2016.
             Splashed by an oklob sapling wizard's acid (13 damage)
             ... in the Dungeon (Sprint IV: "Fedhas' Mad Dash").
             The game lasted 00:01:29 (360 turns).

equalderp2856 the Scratcher (Felid Fighter)          Turns: 360, Time: 00:01:30

Health: -7/18      AC: -3    Str: 13    XL:     3   Next: 57%
Magic:  4/4        EV: 21    Int:  9    God:
Gold:   35         SH:  0    Dex: 15    Spells: 0 memorised, 2 levels left
                                        Lives:  0   Deaths: 1

rFire  . . .     SeeInvis +       - Unarmed
rCold  . . .     Gourm    .     (armour unavailable)
rNeg   . . .     Faith    .     (shield unavailable)
rPois  .         Spirit   .     (helmet unavailable)
rElec  .         Reflect  .     (cloak unavailable)
rCorr  .         Harm     .     (gloves unavailable)
MR     .....     NoTele   +     (boots unavailable)
Stlth  +++.......               j - amulet of invisibility {+Inv}
                                (no ring)
                                (no ring)

@: corroded, quick
A: no armour, no weapons or thrown items, stealth, claws 1, fangs 3, see
invisible, carnivore 3, speed 1, shaggy fur 1, slow metabolism 1, sharp paws
a: Evoke Invisibility


You were in the Dungeon.
You were not hungry.

You visited 1 branch You collected 35 gold pieces.

Inventory:

Jewellery
 j - the amulet of invisibility (around neck) {+Inv}
   (You found it in the Dungeon)

   [amulet of nothing]

   It lets you turn invisible.
Scrolls
 h - a scroll of blinking
Potions
 a - a potion of might
 c - a potion of curing
 d - a potion of heal wounds
 e - a potion of haste
 f - 2 potions of magic
 g - a potion of berserk rage
 i - 2 potions of agility {unknown}
Comestibles
 b - a meat ration


   Skills:
 + Level 4.4 Fighting
 + Level 6.2 Dodging
 * Level 5.3 Stealth
 + Level 7.6 Unarmed Combat
 + Level 0.9 Evocations


You had 2 spell levels left.
You didn't know any spells.

Dungeon Overview and Level Annotations

Branches:
Dungeon (1/1)

Altars:
Cheibriados
Dithmenos
Elyvilon
Gozag
Hepliaklqana
Kikubaaqudgha
Makhleb
Nemelex Xobeh
Okawaru
Qazlal
Ru
Sif Muna
Trog
Uskayaw
Vehumet
Xom
Yredelemnul
Zin
The Shining One
Beogh
Jiyva
Lugonu

Annotations:
D exclusion: oklob sapling


Innate Abilities, Weirdness & Mutations

You cannot wear armour.
You are incapable of wielding weapons or throwing items.
Your paws allow you to move quietly. (Stealth)
You have sharp claws.
You have razor-sharp teeth.
You have supernaturally acute eyesight. (SInv)
You are carnivorous and can eat meat at any time.
You cover ground quickly.
You are covered in fur. (AC +1)
You have a slow metabolism.
Your sharp claws are effective at attacking unaware monsters.


Message History

You die...
You are now level 3!
You rejoin the land of the living...
There is a shadowy altar of Dithmenos here.
Really walk into a travel-excluded area? [Y]es or [N]o only, please.
Really walk into a travel-excluded area? [Y]es or [N]o only, please.
Really walk into a travel-excluded area? [Y]es or [N]o only, please.
Really walk into a travel-excluded area?
An oklob sapling wizard is nearby!
An oklob sapling wizard is nearby!
There is a white marble altar of Elyvilon here.
The oklob sapling wizard spits acid at you.
The splash of acid hits you!
Ouch! That really hurt!
The acid corrodes you!
You are splashed with acid!
The acid burns!
Ouch! That really hurt!
You die...

######################
....#.⌠._._._._.@.#.)+
#([.'.._._._._._..'†P#
#...#..._._._._...#..#
##+##.._._._._._..#.?#
#.⌠._._._._.⌠.####
###############


You could see an oklob sapling wizard.

Vanquished Creatures
  2 oklob saplings (D)
  A worker ant (D)
  A river rat (D)
  A rat (D)
5 creatures vanquished.

Notes
Turn   | Place    | Note
-------+----------+-------------------------------------------
     0 | D        | equalderp2856 the Felid Fighter began the quest for the Orb.
     0 | D        | Reached XP level 1. HP: 10/10 MP: 2/2
    14 | D        | Reached XP level 2. HP: 3/14 MP: 3/3
   287 | D        | Noticed an oklob sapling
   297 | D        | Killed an oklob sapling
   297 | D        | Reached skill level 5 in Dodging
   297 | D        | Reached skill level 5 in Unarmed Combat
   297 | D        | Reached XP level 3. HP: 18/18 MP: 4/4
   305 | D        | Reached skill level 6 in Unarmed Combat
   335 | D        | Found an opulent altar of Gozag.
   335 | D        | Found a hazy altar of Hepliaklqana.
   335 | D        | Found a burning altar of Makhleb.
   335 | D        | Found a roughly hewn altar of Beogh.
   335 | D        | Found a sparkling altar of Nemelex Xobeh.
   335 | D        | Found a snail-covered altar of Cheibriados.
   335 | D        | Found a sacrificial altar of Ru.
   335 | D        | Found a deep blue altar of Sif Muna.
   335 | D        | Found a shimmering altar of Xom.
   335 | D        | Found a basalt altar of Yredelemnul.
   336 | D        | Found a viscous altar of Jiyva.
   336 | D        | Found a bloodstained altar of Trog.
   336 | D        | Noticed an oklob sapling priest
   337 | D        | Found an iron altar of Okawaru.
   337 | D        | Found a glowing silver altar of Zin.
   337 | D        | Found a shadowy altar of Dithmenos.
   338 | D        | Found a hide-covered altar of Uskayaw.
   338 | D        | Found an ancient bone altar of Kikubaaqudgha.
   339 | D        | Found a stormy altar of Qazlal.
   339 | D        | Found a glowing golden altar of the Shining One.
   339 | D        | Found a white marble altar of Elyvilon.
   340 | D        | Found a radiant altar of Vehumet.
   340 | D        | Found a corrupted altar of Lugonu.
   343 | D        | Killed an oklob sapling priest
   343 | D        | Reached skill level 5 in Stealth
   343 | D        | Reached skill level 7 in Unarmed Combat
   343 | D        | Reached XP level 4. HP: 22/22 MP: 2/5
   355 | D        | Splashed by an oklob sapling wizard's acid
   356 | D        | Reached XP level 3. HP: 0/18 MP: 3/4
   360 | D        | Splashed by an oklob sapling wizard's acid

Skill      XL: |  1  2  3 |
---------------+----------+-----
Stealth        | 2 3 5 |  5.3
Dodging        | 5 6 |  6.2
Unarmed Combat | 5 7 |  7.6
Fighting       | 4 |  4.4
Evocations     | |  0.9

Action                   |  1- 3 |  4- 6 || total
-------------------------+-------+-------++-------
Melee: Unarmed           |    20 |     1 ||    21
       Bite              |     3 |       ||     3
       Punch             |     1 |       ||     1
 Abil: Evoke Invisibilit |     1 |       ||     1
 Stab: Sleeping          |     1 |       ||     1
Dodge: Dodged            |     7 |       ||     7
